 Dungeon Crawl Stone Soup version 0.30.1-11-g7821555f0a (webtiles) character file.

Game seed: 15053581879510887229

655 Queen the Conjurer (level 7, -13/36 HPs)
             Began as a Deep Elf Conjurer on Nov 12, 2023.
             Mangled by an orc warrior
             ... wielding a +3 war axe
              (16 damage)
             ... on level 5 of the Dungeon.
             The game lasted 00:19:13 (7008 turns).

Queen the Conjurer (Deep Elf Conjurer)              Turns: 7008, Time: 00:19:14

Health: -13/36     AC:  5    Str: 10    XL:     7   Next: 29%
Magic:  9/17       EV: 14    Int: 25    God:
Gold:   233        SH:  0    Dex: 13    Spells: 5/17 levels left

rFire   . . .        (no weapon)
rCold   . . .        (no shield)
rNeg    . . .        a - +0 robe
rPois   .            (no helmet)
rElec   .            (no cloak)
rCorr   .            c - +1 pair of gloves
SInv    +            e - +0 pair of boots
Will    .....        (no amulet)
Stlth   +++          m - ring of see invisible
HPRegen 0.26/turn    x - +6 ring of strength
MPRegen 0.15/turn

%: no passive effects
@: no status effects
A: no striking features
a: no special abilities


You were on level 5 of the Dungeon.
You visited 1 branch of the dungeon, and saw 5 of its levels.

You collected 233 gold pieces.

Inventory:

Hand Weapons
 p - a +1 dagger of draining
Armour
 a - a +0 robe (worn)
 c - a +1 pair of gloves (worn)
 e - a +0 pair of boots (worn)
Jewellery
 m - a ring of see invisible (left hand)
 x - a +6 ring of strength (right hand)
Wands
 w - a wand of flame (17)
Scrolls
 f - a scroll of poison {unknown}
 h - a scroll of torment {unknown}
 i - a scroll of identify {unknown}
 l - a scroll of brand weapon {unknown}
 q - a scroll of magic mapping {unknown}
 r - 2 scrolls of vulnerability
 s - a scroll of immolation {unknown}
 u - a scroll of noise {unknown}
 y - a scroll of enchant armour {unknown}
 z - a scroll of fog {unknown}
 A - a scroll of teleportation {unknown}
Potions
 b - a potion of magic
 d - a potion of berserk rage {unknown}
 g - 2 potions of degeneration {unknown}
 j - a potion of attraction {unknown}
 k - a potion of mutation {unknown}
 n - a potion of resistance {unknown}
 o - a potion of brilliance {unknown}
 t - a potion of curing {unknown}
 v - a potion of lignification {unknown}


   Skills:
 + Level 5.2 Dodging
 - Level 5.0 Stealth
 + Level 5.9 Spellcasting
 + Level 6.1 Conjurations
 - Level 3.0 Hexes


You had 5 spell levels left.
You knew the following spells:

 Your Spells              Type           Power      Damage    Failure   Level
a - Magic Dart            Conj           100%       1d8       1%          1
b - Searing Ray           Conj           76%        2d7       1%          2
c - Dazzling Flash        Conj/Hex       60%        N/A       3%          3
d - Sublimation of Blood  Necr           7%         N/A       12%         2
e - Fulminant Prism       Conj/Hex       15%        3d11      12%         4

Your spell library contained the following spells:

 Spells                   Type           Power      Damage    Failure   Level
 Static Discharge         Conj/Air       44%        2-4/arc   3%          2
 Wereblood                Tmut           7%         N/A       12%         2
 Iskenderun's Mystic Bla  Conj/Tloc      22%        2d6       22%         4
 Airstrike                Air            3%         2d(1-17)  58%         4
 Summon Lightning Spire   Summ/Air       7%         N/A       58%         4
 Summon Hydra             Summ           3%         N/A       100%        7


Dungeon Overview and Level Annotations

Branches:
Dungeon (5/15)
 Temple: D:4-7

Altars:
Ashenzari
Gozag
Kikubaaqudgha
Trog
Zin

Annotations:
D:5 exclusion: ogre, Prince Ribbit


Message History

Unknown command.
Casting: Magic Dart (safe; 1% risk of failure)
Confirm with . or Enter, or press ? or * to list all spells.
You don't know that spell.
Unknown command.
Aiming: Magic Dart (safe; 1% risk of failure)
Press: ? - help, Q - select action, (/) - cycle Shift-Dir - straight line, f/p - orc warrior
Aim: an orc warrior, wielding a +3 war axe and wearing a +0 plate armour (moderately wounded, 100% to hit)
The magic dart hits the orc warrior but does no damage.
The orc warrior is moderately wounded.
Casting: Magic Dart (safe; 1% risk of failure)
Confirm with . or Enter, or press ? or * to list all spells.
Aiming: Searing Ray (safe; 1% risk of failure)
Press: ? - help, Shift-Dir - straight line, f/p - orc warrior
Aim: an orc warrior, wielding a +3 war axe and wearing a +0 plate armour (moderately wounded, 81% to hit)
The searing ray hits the orc warrior but does no damage.
The orc warrior is moderately wounded. (Press . to maintain the ray.)
The searing ray hits the orc warrior!
The orc warrior is heavily wounded.
An ogre comes into view. It is wielding a +0 giant club.
The searing ray hits the orc warrior but does no damage.
The orc warrior is heavily wounded.
The orc warrior attacks as you move away!
The orc warrior hits you but does no damage.
The orc warrior attacks as you move away!
The orc warrior hits you with a +3 war axe!
The orc warrior attacks as you move away!
The orc warrior hits you with a +3 war axe!
The orc warrior attacks as you move away!
The orc warrior hits you with a +3 war axe!
* * * LOW HITPOINT WARNING * * *
Unknown command.
The orc warrior attacks as you move away!
The orc warrior barely misses you.
The orc warrior attacks as you move away!
The orc warrior completely misses you.
The orc warrior attacks as you move away!
The orc warrior hits you with a +3 war axe!
You die...

#.......##.
#.######
#.......##.# #.#
#.......##.# #.#
#.......##.# #.#
#.......##.# #.#
#.......##.# #.#
##...#####.# #.#
#...#####.####.#
#...o@.........#
##.######.######
#.######.#
#....O.#.#
######.#.# #.#.#
#.#.# #O#.# ##
#.#.#


You could see an orc warrior.

Vanquished Creatures
  Edmund (D:5)
  A phantom (D:5)
  A hound (D:5)
  A jelly (D:5)
  2 orc priests
  2 sleepcaps
  2 iguanas (D:4)
  4 gnolls (D:3)
  8 adders
  2 ufetubi (D:4)
  A worm (D:2)
  A dart slug (D:1)
  10 orcs
  A bat (D:3)
  10 endoplasms
  4 giant cockroaches
  13 goblins
  13 hobgoblins
  5 jackals (D:1)
  2 quokkas
  6 ball pythons
  4 frilled lizards
  5 kobolds
  7 rats
106 creatures vanquished.

Vanquished Creatures (others)
  Robin (D:4)
  4 fulminant prisms (D:5)
5 creatures vanquished.

Grand Total: 111 creatures vanquished

Notes
Turn   | Place    | Note
-------+----------+-------------------------------------------
     0 | D:1      | Queen the Deep Elf Conjurer began the quest for the Orb.
     0 | D:1      | Reached XP level 1. HP: 10/10 MP: 6/6
     0 | D:1      | Noticed a naga
     1 | D:1      | Noticed a vampire
     4 | D:1      | Noticed an elf
     4 | D:1      | Noticed a ghoul
     6 | D:1      | Noticed a merfolk
     7 | D:1      | Noticed a demonspawn
     8 | D:1      | Noticed a ghoul
     9 | D:1      | Noticed a naga
    11 | D:1      | Noticed a draconian
    15 | D:1      | Noticed a spriggan
    15 | D:1      | Noticed a ghoul
    15 | D:1      | Noticed a ghoul
    17 | D:1      | Noticed a barachi
    19 | D:1      | Noticed a troll
    19 | D:1      | Noticed a formicid
    21 | D:1      | Noticed an octopode
   201 | D:1      | Reached XP level 2. HP: 13/15 MP: 1/8
   264 | D:1      | Learned a level 2 spell: Searing Ray
   367 | D:1      | You fall into a shaft and drop 1 floor!
   829 | D:1      | Reached XP level 3. HP: 19/19 MP: 0/10
  1769 | D:2      | Learned a level 3 spell: Dazzling Flash
  2302 | D:2      | Found an opulent altar of Gozag.
  2308 | D:2      | Reached skill level 1 in Hexes
  2308 | D:2      | Reached XP level 4. HP: 24/24 MP: 8/11
  2707 | D:2      | Found an opulent altar of Gozag.
  3184 | D:3      | Reached skill level 5 in Conjurations
  3348 | D:3      | Found a faded altar of an unknown god.
  3353 | D:3      | Reached XP level 5. HP: 28/28 MP: 10/13
  3686 | D:3      | Learned a level 2 spell: Sublimation of Blood
  4285 | D:3      | Found a faded altar of an unknown god.
  4655 | D:4      | Killed Robin
  4894 | D:4      | Found an ancient bone altar of Kikubaaqudgha.
  4904 | D:4      | Learned a level 4 spell: Fulminant Prism
  4978 | D:4      | Reached XP level 6. HP: 32/32 MP: 6/15
  5587 | D:4      | Found a broken altar of Ashenzari.
  5589 | D:4      | Found a bloodstained altar of Trog.
  5589 | D:4      | Found a glowing silver altar of Zin.
  5951 | D:4      | Found an ancient bone altar of Kikubaaqudgha.
  6316 | D:4      | Found a broken altar of Ashenzari.
  6318 | D:4      | Found a bloodstained altar of Trog.
  6318 | D:4      | Found a glowing silver altar of Zin.
  6369 | D:5      | Entered Level 5 of the Dungeon
  6383 | D:5      | Reached skill level 5 in Spellcasting
  6506 | D:5      | Noticed Prince Ribbit
  6733 | D:5      | Reached skill level 5 in Stealth
  6765 | D:5      | Noticed Edmund
  6774 | D:5      | Killed Edmund
  6775 | D:5      | Reached skill level 5 in Dodging
  6775 | D:5      | Reached skill level 6 in Conjurations
  6775 | D:5      | Reached XP level 7. HP: 36/36 MP: 5/17
  6999 | D:5      | HP: 1/36 [orc warrior/+3 war axe (12)]
  7008 | D:5      | Mangled by an orc warrior

Illustrated notes

Levels and vault maps discovered:
D:1:      shiori_arrival_whats_in_store_for_you, layout_loops_ring,
          minmay_hexomino_p4
D:2:      layout_loops_ring, basic_altar
D:3:      layout_loops_ring, nicolae_ecumenical_snake_handling
D:4:      nicolae_cairo_tiling_large_dashed, layout_loops_ring,
          nicolae_kikubaaqudgha_miasma_corner, nicolae_overflow_hidden_temple,
          uniq_robin
D:5:      layout_basic, mainiacjoe_overflow_concentric_impassable,
          grunt_decor_cap, interstate_on_off, dk_vineyard_1, uniq_edmund,
          uniq_prince_ribbit1, uniq_crazy_yiuf_cottage

Skill      XL: |  1  2  3  4  5  6 |
---------------+-------------------+-----
Stealth        | 3 4 5 |  5.0
Dodging        | 3 4 5 |  5.2
Hexes          | 1 2 3 |  3.0
Spellcasting   | 4 5 |  5.9
Conjurations   | 5 6 |  6.1

Action                     |  1- 3 |  4- 6 |  7- 9 || total
---------------------------+-------+-------+-------++-------
   Cast: Magic Dart        |    79 |    97 |     5 ||   181
         Searing Ray       |     3 |    19 |     2 ||    24
         Dazzling Flash    |       |     1 |       ||     1
         Fulminant Prism   |       |     3 |     1 ||     4
    Use: Scroll            |       |     1 |       ||     1
 Armour: Robe              |     1 |     2 |     2 ||     5
  Dodge: Dodged            |     6 |    10 |     5 ||    21
